AoeStats
← Mameluco

Arabia

510310573Analyzed
1v1 RM · 12h ago on Sep 30, 2026· 47m 16s· 2 players
Game mode
Random Map
Map size
Tiny (2 player)
Population
200
Speed
Normal
Resources
Standard
Victory
Conquest
Starting age
Dark Age
Ending age
Imperial Age
RankedLock teamsTeams togetherTeam positionsShared explorationLock speedFull tech treeHidden civsTurbo modeCheats
Victory
Defeat
🇹🇼 Wei · Taiwan
905
+42
🇪🇸 Tupi · Spain
891
-15
Mameluco
3:20 Loom
9:32 Feudal Age
16:41 Castle Age
16:58 Double-Bit Axe
20:55 Fletching
22:42 Gold Mining
23:21 Padded Archer Armor
26:25 Bodkin Arrow
28:55 Pikeman
29:36 Squires
31:57 Ballistics
38:04 Leather Archer Armor
Tywin
5:34 Loom
10:42 Feudal Age
11:09 Double-Bit Axe
12:14 Horse Collar
15:46 Bloodlines
16:37 Scale Barding Armor
19:51 Forging
22:30 Castle Age
23:35 Chain Barding Armor
22:46 Light Cavalry
23:27 Husbandry
23:37 Husbandry
28:48 Forging
30:50 Gold Mining
31:48 Town Watch
39:03 Imperial Age
39:43 Town Patrol
40:19 Heavy Hei Guang Cavalry
41:34 Bow Saw
42:21 Iron Casting
46:04 Tuntian
Connection lost

Rejoining the realm…

Still unreachable

The connection could not be restored.

Session expired

The server has moved on; the page needs a fresh start.